 Dungeon Crawl Stone Soup version 0.28.0-53-g5a82cb258f (webtiles) character file.

Game seed: 6852612043127677188

61 LynnLen the Sneak (level 3, -2/24 HPs)
             Began as a Vampire Enchanter on July 30, 2022.
             Killed by nerve-wracking pain
             ... invoked by a shadow imp
             ... summoned by Natasha
              (11 damage)
             ... on level 2 of the Dungeon.
             The game lasted 00:04:50 (1338 turns).

LynnLen the Sneak (Vampire Enchanter)               Turns: 1338, Time: 00:04:50

Health: -2/24      AC:  3    Str:  7    XL:     3   Next: 83%
Magic:  3/6        EV: 12    Int: 17    God:
Gold:   61         SH:  0    Dex: 16    Spells: 1/6 levels left

rFire   . . .      SeeInvis +   a - +1 dagger
rCold   . . .      Faith    .   (no shield)
rNeg    . . .      Spirit   .   h - +0 leather armour
rPois   .          Reflect  .   (no helmet)
rElec   .          Harm     .   (no cloak)
rCorr   .          Rampage  .   (no gloves)
Will    .....                   (no boots)
Stlth   +++.......              (no amulet)
HPRegen 0.28/turn               (no ring)
MPRegen 0.10/turn               (no ring)

@: healing quickly, slowed, very slow
A: alive, fangs 3, see invisible, vampiric 2
a: Exsanguinate


You were on level 2 of the Dungeon.
You visited 1 branch of the dungeon, and saw 2 of its levels.

You collected 61 gold pieces.

Inventory:

Hand Weapons
 a - a +1 dagger (weapon)
Armour
 b - a +0 robe
 h - a +0 leather armour (worn)
Jewellery
 i - a ring of resist corrosion
Potions
 c - a potion of lignification {unknown}
 d - a potion of haste {unknown}
 e - a potion of curing
 f - a potion of attraction {unknown}
 g - a potion of heal wounds {unknown}


   Skills:
 * Level 1.9 Short Blades
 * Level 2.6 Dodging
 * Level 5.9 Stealth
 * Level 2.3 Spellcasting
 + Level 4.8 Hexes


You had one spell level left.
You knew the following spells:

 Your Spells              Type           Power      Damage    Failure   Level
a - Confusing Touch       Hex            18%        N/A       12%         3
b - Ensorcelled Hibernat  Hex/Ice        20%        N/A       16%         2

Your spell library contained the following spells:

 Spells                   Type           Power      Damage    Failure   Level
 Tukima's Dance           Hex            18%        N/A       12%         3
 Dazzling Flash           Conj/Hex       20%        N/A       32%         3
 Ozocubu's Armour         Ice            1%         N/A       65%         3
 Ozocubu's Refrigeration  Ice            0%         4d5       100%        7


Dungeon Overview and Level Annotations

Branches:
Dungeon (2/15)

Altars:

Shops:
D:2 [

Annotations:
D:2 Natasha


Innate Abilities, Weirdness & Mutations

Your natural rate of healing is accelerated.
You have razor-sharp teeth.
You have supernaturally acute eyesight. (SInv)
You are afflicted with vampirism and can become a bat while bloodless.


Message History

You hear an angry hiss.
A gnoll comes into view. It is wielding a +0 club.
The gnoll shouts!
You hear an angry hiss.
The kobold throws a stone.
The stone completely misses you.
The gnoll moves out of view.
The kobold throws a stone.
The stone barely misses you.
A ball python comes into view.
You see here 10 stones.
Found 9 gold pieces.
The kobold throws a stone.
The stone barely misses you.
Natasha, Servant of Life and Death comes into view.
Found Xyluxioc's Antique Armour Emporium.
Natasha mumbles some strange words.
The kobold throws a stone.
The stone barely misses you.
Okay, then.
You see here 9 gold pieces.
You now have 61 gold pieces (gained 9).
Natasha stares at you and mumbles some strange words.
The magic dart hits you!
The kobold throws a stone.
The stone closely misses you.
Natasha stares at you and mumbles some strange words.
The magic dart hits you.
Natasha mumbles some strange words.
The white imp shouts, "Scamper home, thou tottering dread-bolted nothing!"
The crimson imp blinks!
Natasha casts a spell.
Natasha claws you!
* * * LOW HITPOINT WARNING * * *
Natasha casts a spell at you.
You feel yourself slow down.
You hit Natasha but do no damage. Natasha closely misses you.
Natasha stares at you and mumbles some strange words.
You feel as though you will be slow longer.
Cast which spell? (? or * to list)
The spell is quite dangerous to miscast (12% risk of failure)!
Continue anyway?
Your hands begin to glow red.
Natasha closely misses you.
You hit Natasha but do no damage.
Natasha appears confused.
The shadow imp gestures at you. Pain shoots through your body!
You die...

####.# ♣.∩.♣#######..#
#.##.#######♣..5K.55....#
....g.S.S......§....##K##
#....########..######...##
#.#### ##.# ###5.≈..#.#
#.# #..##.5.≈§§...#
#.#########
#..##.#..≈..###
#.......#.# #..##5##...##
..........# #..@.5###.##
#######.#.# #.#h### ..#
#.#.# ##.#.. .##
..####.#.##...##.#
g.............# .#
#.#####.#.###_###.# ..#
#.#...##..... g.#
#.##..#####.. ..#
#.##........


You could see Natasha (confused), a white imp (summoned) and a shadow imp
(summoned).

Vanquished Creatures
  Natasha (D:2)
  An adder (D:2)
  An endoplasm (D:1)
  A giant cockroach (D:2)
  5 goblins
  A hobgoblin (D:1)
  2 quokkas (D:1)
  4 ball pythons (D:1)
  2 bats (D:1)
  3 frilled lizards (D:1)
  3 kobolds (D:1)
  3 rats
27 creatures vanquished.

Notes
Turn   | Place    | Note
-------+----------+-------------------------------------------
     0 | D:1      | LynnLen the Vampire Enchanter began the quest for the Orb.
     0 | D:1      | Reached XP level 1. HP: 13/13 MP: 3/3
   264 | D:1      | Reached XP level 2. HP: 14/19 MP: 5/5
   394 | D:1      | Reached skill level 5 in Stealth
   960 | D:2      | Gained mutation: You are afflicted with vampirism and can
                  | become a bat while bloodless. [Vampire growth]
   960 | D:2      | Reached XP level 3. HP: 24/24 MP: 6/6
   966 | D:1      | Learned a level 3 spell: Confusing Touch
   969 | D:1      | Learned a level 2 spell: Ensorcelled Hibernation
  1053 | D:2      | Noticed Natasha
  1056 | D:2      | Killed Natasha
  1262 | D:2      | Found a faded altar of an unknown god.
  1316 | D:2      | Found Xyluxioc's Antique Armour Emporium.
  1316 | D:2      | Noticed Natasha
  1338 | D:2      | Killed from afar by a shadow imp

Illustrated notes

Levels and vault maps discovered:
D:1:      amcnicky_arrival_blooded_trapdoor, layout_loops_ring,
          hangedman_decor_diamond_cutter, st_stairs_3, minmay_door_square
D:2:      layout_basic, ebering_ecumenical_altar_rust, serial_shops,
          nicolae_shop_trees, amcnicky_mini_pool_small, uniq_natasha

Skill      XL: |  1  2 |
---------------+-------+-----
Stealth        | 5 |  5.9
Short Blades   | |  1.9
Dodging        | |  2.6
Spellcasting   | |  2.3
Hexes          | |  4.8

Action                   || total
-------------------------++-------
Melee: Dagger            ||    88
       Bite              ||     7
       Punch             ||     1
 Cast: Confusing Touch   ||     1
  Use: Scroll            ||     2
       Potion            ||     2
 Stab: Sleeping          ||     8
       Invisible         ||     2
Armor: Robe              ||    11
Dodge: Dodged            ||    51
